 Dungeon Crawl Stone Soup version 0.22.1-6-g1668fe2 (webtiles) character file.

26534 Fang the Cleaver (level 13, 0/84 HPs)
             Began as a Gargoyle Berserker on Jan 29, 2019.
             Was a High Priest of Trog.
             Killed from afar by a starcursed mass (7 damage)
             ... with an accursed screaming
             ... on level 2 of the Abyss.
             The game lasted 00:24:22 (16412 turns).

Fang the Cleaver (Gargoyle Berserker)              Turns: 16412, Time: 00:24:22

Health: 0/84       AC: 30    Str: 25    XL:     13   Next: 26%
Magic:  23/23      EV: 12    Int: 18    God:    Trog [*****.]
Gold:   799        SH:  0    Dex: 12    Spells: 12/12 levels left

rFire    x . .     SeeInvis .   p - +2 broad axe "Viosunae" {chaos, Int+4}
rCold    + + .     Gourm    .   (no shield)
rNeg     + . .     Faith    .   L - +1 ice dragon scales
rPois    ∞         Spirit   .   F - +3 hat of Pondering {ponderous, MR+ MP+10 Int+5}
rElec    +         Reflect  .   w - +2 cloak
rCorr    .         Harm     .   (no gloves)
MR       +....                  (no boots)
Stlth    +.........             u - amulet of the acrobat
HPRegen  0.24/turn              g - +3 ring of dexterity
MPRegen  0.18/turn              e - +3 ring of slaying

@: slow
A: negative energy resistance 1, electricity resistance, unbreathing,
petrification resistance, rot immunity, AC +9
a: Berserk, Trog's Hand, Brothers in Arms, Renounce Religion


You were on level 2 of the Abyss.
You worshipped Trog.
Trog was extremely pleased with you.
You were hungry.

You visited 3 branches of the dungeon, and saw 14 of its levels.
You visited the Abyss 1 time.

You collected 799 gold pieces.

Inventory:

Hand Weapons
 p - the +2 broad axe "Viosunae" (weapon) {chaos, Int+4}
   (You acquired it on level 9 of the Dungeon)

   Each time it hits an enemy it has a different, random effect.
   It affects your intelligence (+4).
 y - a +1 war axe
 C - a +2 hand axe of flaming
Armour
 q - the +7 plate armour "Lolaoz" {rPois rC- Regen+ rCorr}
   (You found it on level 11 of the Dungeon)

   It makes you vulnerable to cold.
   It protects you from poison.
   It increases your rate of regeneration.
   It provides partial protection from all sources of acid and corrosion.
 w - a +2 cloak (worn)
 F - the +3 hat of Pondering (worn) {ponderous, MR+ MP+10 Int+5}
   (You took it off Gastronok on level 1 of the Lair of Beasts)

   It affects your intelligence (+5).
   It affects your resistance to hostile enchantments.
   It affects your magic capacity (+10).
 L - +1 ice dragon scales (worn)
Jewellery
 e - a +3 ring of slaying (right hand)
 g - a +3 ring of dexterity (left hand)
 u - an amulet of the acrobat (around neck)
Wands
 h - a wand of disintegration (4)
 j - a wand of paralysis (6)
 n - a wand of digging (24)
 x - a wand of polymorph (13)
 D - a wand of random effects (39)
 E - a wand of enslavement (11)
 G - a wand of iceblast (8)
 H - a wand of flame (75)
Scrolls
 b - 2 scrolls of fear
 f - a scroll of fog
 i - 3 scrolls of magic mapping
 l - 5 scrolls of blinking
 t - 5 scrolls of teleportation
 B - 3 scrolls of remove curse
Potions
 a - a potion of heal wounds
 d - 2 potions of ambrosia
 k - a potion of lignification
 m - 2 potions of brilliance
 o - a potion of invisibility
 r - a potion of flight {unknown}
 v - a potion of mutation {unknown}
 z - 3 potions of curing
 A - a potion of agility
 I - a potion of berserk rage
 J - a potion of haste
Comestibles
 c - 22 rations


   Skills:
 + Level 11.0 Fighting
 + Level 14.3 Axes
 + Level 11.0 Armour
 + Level 5.3 Dodging
 + Level 4.2 Stealth


You had 12 spell levels left.
You didn't know any spells.
Your spell library was empty.

Dungeon Overview and Level Annotations

Branches:
Dungeon (11/15)            Temple (1/1) D:4            Lair (2/6) D:8
 Shoals (0/4) Lair:2          Orc (0/2) D:11
  Snake: Lair:2-4    Spider: Lair:2-4

Altars:
Ashenzari
Cheibriados
Dithmenos
Fedhas
Gozag
Kikubaaqudgha
Nemelex Xobeh
Ru
Trog
Uskayaw

Shops:
D:9 =

Annotations:
Lair:2 Sonja


Innate Abilities, Weirdness & Mutations

You are resistant to torment.
Your stone body is resilient. (AC +9)
You are immune to poison.
You resist negative energy. (rN+)
You are resistant to electric shocks. (rElec)
You can survive without breathing.
You are immune to petrification.
You are immune to rotting.


Message History

A chorus of shrieks assaults your mind.
* * * LOW HITPOINT WARNING * * *
Unknown command.
Unknown command.
You feel better.
A flying skull comes into view.
Your deep troll bites the starcursed mass!!
The starcursed mass shudders and withdraws towards its neighbour.
The starcursed mass engulfs something.
A starcursed mass splits.
A deafening chorus of shrieks assaults your mind!
* * * LOW HITPOINT WARNING * * *
The flying skull gives a hideous shriek!
A starcursed mass splits.
You hear a hideous shriek!
Your ogre goes berserk!
You are feeling hungry.
A flying skull comes into view.
The starcursed mass engulfs your deep troll!
A deafening chorus of shrieks assaults your mind!
You die...

. . ## #.
#.## # ##..
# .. .
##.##### ..
. ##.O#...##
. ##@.# ...
..#XT## #
#XX#.## #
#.XX.## #
#.#X#..
...§......
..z..##..##.
. #z##... ..
.# #. ...#..
..


You could see 6 starcursed masses, 2 flying skulls, a friendly deep troll
(berserk) and a friendly ogre (berserk).

Vanquished Creatures
  A hydra (Lair:2)
  Erica (D:8)
  A two-headed ogre (D:9)
  A thrashing horror (Abyss:2)
  An unseen horror (D:11)
  A ghost moth zombie (Abyss:2)
  Pikel (D:5)
  2 slime creatures (D:11)
  A toenail golem (Abyss:2)
  A centaur zombie (D:10)
  5 spiny frogs
  A black mamba (Lair:2)
  A smoke demon (Abyss:2)
  Joseph (D:8)
  A centaur skeleton (D:9)
  A rime drake (Lair:1)
  A komodo dragon (Lair:1)
  2 ancient zymes (Abyss:2)
  2 trolls
  A hornet (D:9)
  5 hippogriffs
  2 raiju (Abyss:2)
  Sigmund (D:4)
  A vampire (D:10)
  3 large abominations (Abyss:2)
  A basilisk (Lair:1)
  21 yaks
  A hungry ghost (D:7)
  Grum (D:9)
  A warg (D:11)
  A steam dragon (D:8)
  A porcupine (Lair:1)
  2 water moccasins
  2 sky beasts
  A phantom (D:4)
  4 ice beasts
  7 orc warriors
  An eye of draining (D:4)
  5 ogres
  11 wolves
  5 crocodiles
  4 centaurs
  A big kobold (D:7)
  7 bullfrogs
  Blork the orc (D:4)
  2 wyvern skeletons
  4 scorpions
  A jelly (D:8)
  7 wights
  4 howler monkeys
  An electric eel (D:8)
  5 small abominations (Abyss:2)
  2 crimson imps
  A bullfrog zombie (D:8)
  A starcursed mass (Abyss:2)
  4 hounds
  9 orc priests
  3 bullfrog skeletons
  10 orc wizards
  3 iguanas
  Ijyb (D:3)
  7 worker ants
  A killer bee zombie (D:7)
  A howler monkey zombie (D:7)
  A worker ant zombie (D:7)
  4 gnolls
  15 adders
  4 shadow imps
  3 ufetubi (Abyss:2)
  An ooze (D:2)
  An adder zombie (D:7)
  4 worms
  A dart slug (D:4)
  6 leopard geckos
  43 orcs
  3 giant cockroaches
  10 goblins
  7 hobgoblins
  2 jackals (D:9)
  6 quokkas
  A ball python (D:3)
  A ball python skeleton (D:5)
  3 bats
  3 frilled lizards
  A jackal skeleton (D:4)
  14 kobolds
  2 quokka skeletons
  4 rats
324 creatures vanquished.

Vanquished Creatures (collateral kills)
  Gastronok (Lair:1)
  A quicksilver dragon zombie (Abyss:2)
  A thrashing horror (Abyss:2)
  A large abomination (Abyss:2)
  A centaur skeleton (D:11)
  An ancient zyme (Abyss:2)
  A raiju (Abyss:2)
  2 wyverns (D:8)
  5 starcursed masses (Abyss:2)
14 creatures vanquished.

Vanquished Creatures (others)
  A centaur (D:8)
  A hound (D:5)
2 creatures vanquished.

Grand Total: 340 creatures vanquished

Notes
Turn   | Place    | Note
-------+----------+-------------------------------------------
     0 | D:1      | Fang the Gargoyle Berserker began the quest for the Orb.
     0 | D:1      | Reached XP level 1. HP: 14/14 MP: 1/1
   767 | D:2      | Reached skill level 3 in Axes
   767 | D:2      | Reached XP level 2. HP: 10/19 MP: 2/2
  1031 | D:2      | Reached XP level 3. HP: 17/24 MP: 3/3
  1561 | D:2      | Reached XP level 4. HP: 29/29 MP: 4/4
  1726 | D:2      | Found a sacrificial altar of Ru.
  2399 | D:3      | Found an ancient bone altar of Kikubaaqudgha.
  2448 | D:3      | Noticed Ijyb
  2467 | D:3      | Killed Ijyb
  2467 | D:3      | Reached skill level 4 in Axes
  2728 | D:3      | Reached ** piety under Trog
  2758 | D:3      | Reached XP level 5. HP: 32/33 MP: 5/5
  2816 | D:3      | Found an opulent altar of Gozag.
  2819 | D:3      | Found a shattered altar of Ashenzari.
  3157 | D:4      | You fall through a shaft for 2 floors!
  3234 | D:6      | Reached skill level 1 in Stealth
  3655 | D:6      | Reached skill level 5 in Axes
  3655 | D:6      | Reached XP level 6. HP: 34/39 MP: 6/6
  4738 | D:5      | Entered Level 5 of the Dungeon
  4891 | D:5      | Reached XP level 7. HP: 44/44 MP: 7/7
  4972 | D:5      | Reached skill level 5 in Fighting
  5068 | D:5      | Found a shadowy altar of Dithmenos.
  5077 | D:5      | Reached skill level 6 in Axes
  5139 | D:5      | HP: 1/66 [ogre/giant club (10)]
  5641 | D:5      | Noticed Pikel
  5659 | D:5      | Killed Pikel
  5659 | D:5      | Reached skill level 7 in Axes
  5659 | D:5      | Reached skill level 5 in Armour
  5659 | D:5      | Reached XP level 8. HP: 50/50 MP: 8/8
  5984 | D:5      | Found a shadowy altar of Dithmenos.
  5984 | D:5      | Found a sparkling altar of Nemelex Xobeh.
  6454 | D:4      | Noticed Sigmund
  6466 | D:4      | Killed Sigmund
  6618 | D:4      | Found a staircase to the Ecumenical Temple.
  6697 | D:4      | Reached XP level 9. HP: 55/55 MP: 9/9
  6803 | D:4      | Found a bloodstained altar of Trog.
  6806 | D:4      | Reached *** piety under Trog
  6884 | D:4      | Noticed Blork the orc
  6891 | D:4      | Killed Blork the orc
  6891 | D:4      | Reached skill level 8 in Axes
  6972 | D:4      | Found a snail-covered altar of Cheibriados.
  7104 | Temple   | Entered the Ecumenical Temple
  7654 | D:7      | Paralysed by fainting for 8 turns
  8063 | D:7      | Reached **** piety under Trog
  8104 | D:8      | Noticed Erica
  8280 | D:8      | Killed Erica
  8280 | D:8      | Reached skill level 9 in Axes
  8280 | D:8      | Reached XP level 10. HP: 63/63 MP: 10/10
  8363 | D:8      | Found a hide-covered altar of Uskayaw.
  8438 | D:8      | Found a blossoming altar of Fedhas.
  9349 | D:8      | Noticed Joseph
  9604 | D:8      | Killed Joseph
  9604 | D:8      | Reached skill level 10 in Axes
 10427 | D:8      | Found a staircase to the Lair.
 11230 | D:9      | Reached XP level 11. HP: 65/69 MP: 11/11
 11466 | D:9      | Noticed a two-headed ogre
 11472 | D:9      | Killed a two-headed ogre
 11519 | D:9      | Identified a scroll of acquirement
 11522 | D:9      | Got a pitted broad axe
 11523 | D:9      | Identified the +2 broad axe "Viosunae" {chaos, Int+4} (You
                  | acquired it on level 9 of the Dungeon)
 11583 | D:9      | Found Musowory's Jewellery Boutique.
 11619 | D:9      | Reached skill level 11 in Axes
 11646 | D:9      | Noticed Grum
 11659 | D:9      | Killed Grum
 12140 | D:10     | Entered Level 10 of the Dungeon
 12636 | D:10     | Reached ***** piety under Trog
 13443 | D:11     | Killed an unseen horror
 13874 | D:11     | Got a shimmering plate armour
 13878 | D:11     | Reached skill level 12 in Axes
 13944 | D:11     | Identified the +7 plate armour "Lolaoz" {rPois rC- Regen+
                  | rCorr} (You found it on level 11 of the Dungeon)
 13963 | D:11     | Found a staircase to the Orcish Mines.
 14397 | D:11     | Reached XP level 12. HP: 59/77 MP: 12/12
 14809 | Lair:1   | Entered Level 1 of the Lair of Beasts
 14929 | Lair:1   | Reached skill level 10 in Armour
 14937 | Lair:1   | Found a frozen archway.
 15045 | Lair:1   | Reached skill level 10 in Fighting
 15093 | Lair:1   | Reached skill level 13 in Axes
 15152 | Lair:1   | Noticed Gastronok
 15172 | Lair:1   | Killed Gastronok
 15757 | Lair:2   | Noticed Sonja
 15824 | Lair:2   | Noticed a four-headed hydra
 15832 | Lair:2   | Killed a one-headed hydra
 15844 | Lair:2   | Found a staircase to the Shoals.
 15935 | Lair:2   | Cast into level 2 of the Abyss (Sonja)
 15935 | Abyss:2  | Found a basalt altar of Yredelemnul.
 15935 | Abyss:2  | Found an iron altar of Okawaru.
 15935 | Abyss:2  | Found a bloodstained altar of Trog.
 15935 | Abyss:2  | Found a deep blue altar of Sif Muna.
 15935 | Abyss:2  | Found a shimmering altar of Xom.
 15935 | Abyss:2  | Found a snail-covered altar of Cheibriados.
 15935 | Abyss:2  | Found a sparkling altar of Nemelex Xobeh.
 15935 | Abyss:2  | Found a shattered altar of Ashenzari.
 15935 | Abyss:2  | Found an opulent altar of Gozag.
 15935 | Abyss:2  | Found a hazy altar of Hepliaklqana.
 15935 | Abyss:2  | Found a burning altar of Makhleb.
 15935 | Abyss:2  | Found an ornate altar of the Wu Jian Council.
 15935 | Abyss:2  | Found a radiant altar of Vehumet.
 15935 | Abyss:2  | Found a stormy altar of Qazlal.
 15935 | Abyss:2  | Found a white marble altar of Elyvilon.
 15935 | Abyss:2  | Found a glowing silver altar of Zin.
 15935 | Abyss:2  | Found an ancient bone altar of Kikubaaqudgha.
 15935 | Abyss:2  | Found a hide-covered altar of Uskayaw.
 16078 | Abyss:2  | Noticed a starcursed mass
 16081 | Abyss:2  | Received a gift from Trog
 16119 | Abyss:2  | Reached skill level 5 in Dodging
 16131 | Abyss:2  | Reached XP level 13. HP: 48/83 MP: 13/13
 16156 | Abyss:2  | Reached skill level 14 in Axes
 16401 | Abyss:2  | Noticed a starcursed mass
 16412 | Abyss:2  | Killed from afar by a starcursed mass

Skill      XL: |  1  2  3  4  5  6  7  8  9 10 11 12 13 |
---------------+----------------------------------------+-----
Axes           | 3 4 5 7 9 10 12 13 14 | 14.3
Fighting       | 4 5 6 7 8 9 10 11 | 11.0
Dodging        | 2 3 4 5 |  5.3
Stealth        | 1 2 3 4 |  4.2
Armour         | 3 5 7 8 9 10 11 | 11.0

Action                   |  1- 3 |  4- 6 |  7- 9 | 10-12 | 13-15 || total
-------------------------+-------+-------+-------+-------+-------++-------
Melee: Hand axe          |    66 |   229 |   160 |   222 |       ||   677
       War axe           |       |       |   169 |    28 |       ||   197
       Broad axe         |       |       |       |   374 |    50 ||   424
Invok: Berserk           |       |     2 |     6 |    12 |       ||    20
       Brothers in Arms  |       |       |       |     4 |     2 ||     6
  Use: Scroll            |       |     1 |     1 |    24 |       ||    26
       Potion            |       |       |       |     1 |     1 ||     2
 Stab: Paralysed         |       |       |       |     4 |       ||     4
       Confused          |       |       |       |     2 |       ||     2
       Petrifying        |       |       |       |     2 |     1 ||     3
       Distracted        |       |       |       |     1 |       ||     1
       Petrified         |       |       |       |     1 |       ||     1
  Eat: Chunk             |     2 |     9 |    11 |    29 |     2 ||    53
       Ration            |       |     1 |     2 |     3 |       ||     6
Armor: Animal skin       |    26 |    11 |       |       |       ||    37
       Scale mail        |       |    77 |   185 |   149 |       ||   411
       Chain mail        |       |       |       |   149 |       ||   149
       Plate armour      |       |       |       |   132 |       ||   132
       Ice dragon scales |       |       |       |    78 |    51 ||   129
Dodge: Dodged            |    58 |   113 |   171 |   399 |    40 ||   781
